 Dungeon Crawl Stone Soup version 0.20-a0-1116-gaa52201 (webtiles) character file.

324 MenacingMecha the Slasher (level 6, -1/55 HPs)
             Began as a Deep Dwarf Fighter on May 8, 2017.
             Slain by petermcneter's ghost (9 damage)
             ... in a sewer.
             The game lasted 00:07:52 (2161 turns).

MenacingMecha the Slasher (Deep Dwarf Fighter)      Turns: 2161, Time: 00:07:53

Health: -1/55      AC:  6    Str: 20    XL:     6   Next: 23%
Magic:  5/5        EV:  9    Int:  8    God:
Gold:   56         SH:  0    Dex: 14    Spells: 5/5 levels left

rFire    . . .     SeeInvis .   a - +0 long sword
rCold    . . .     Gourm    .   (no shield)
rNeg     . . .     Faith    .   b - +0 scale mail
rPois    .         Spirit   .   (no helmet)
rElec    .         Reflect  .   (no cloak)
rCorr    .         Harm     .   (no gloves)
MR       .....                  (no boots)
Stlth    ..........             (no amulet)
Regen    0.0/turn               (no ring)
MPRegen  0.1/turn               (no ring)

@: non-regenerating
A: damage resistance, heal wounds, sense surroundings 1, no regeneration
a: Heal Wounds


You were in a sewer.
You were not hungry.

You visited 1 branch of the dungeon, and saw 3 of its levels.
You also visited: Sewer.

You collected 56 gold pieces.

Inventory:

Hand Weapons
 a - a +0 long sword (weapon)
Armour
 b - a +0 scale mail (worn)
 c - a +0 shield
Scrolls
 d - 2 scrolls of fear {unknown}
 e - a scroll of magic mapping {unknown}
 n - 3 scrolls of fog {unknown}
Potions
 k - 2 potions of invisibility {unknown}
 l - 2 potions of agility {unknown}
 m - a potion of flight
Comestibles
 f - 4 bread rations
 g - 2 chunks of flesh
 h - 3 meat rations
 i - a royal jelly
 o - 4 fruits


   Skills:
 - Level 2.6 Fighting
 + Level 6.6 Long Blades
 - Level 3.2 Armour
 - Level 3.2 Shields


You had 5 spell levels left.
You didn't know any spells.

Dungeon Overview and Level Annotations

Branches:
Dungeon (3/15)

Altars:

Annotations:
Sewer petermcneter's ghost, amateur TeFi


Innate Abilities, Weirdness & Mutations

You are resistant to damage.
You can heal yourself by infusing magical energy.
You passively map a small area around you.
You do not regenerate.


Message History

Found a glowing drain.
The worm moves out of view.
You enter the shallow water.
Moving in this stuff is going to be slow.
The worm bites you but does no damage.
The goblin throws a stone.
The stone barely misses you.
You hear a splash.
You see here a stone.
The worm closely misses you.
There is a glowing drain here.
The world spins around you as you enter the gateway.
You enter a sewer!
Petermcneter's ghost turns its malevolent gaze towards you.
You hear a shout!
Found a gate leading back out of this place.
There is an empty arch of ancient stone here.
Press: ? - help, v - describe, . - travel
Here: petermcneter's ghost The floor.
You aren't carrying any items that you can evoke.
It was a potion of ambrosia.
You are confused.
You feel invigorated.
You hit petermcneter's ghost but do no damage.
You feel less invigorated.
You feel less confused. Petermcneter's ghost barely misses you.
You riposte.
You hit petermcneter's ghost.
Petermcneter's ghost is lightly damaged.
You hit petermcneter's ghost.
Petermcneter's ghost is moderately damaged.
Petermcneter's ghost hits you. x2
A ball python and a kobold come into view.
You closely miss petermcneter's ghost.
Petermcneter's ghost is moderately damaged.
The ball python hisses angrily.
Petermcneter's ghost barely misses you.
You hit petermcneter's ghost.
Petermcneter's ghost is moderately damaged.
Petermcneter's ghost closely misses you.
You closely miss petermcneter's ghost.
Petermcneter's ghost is moderately damaged.
Petermcneter's ghost wails, "Death is your only future!"
Petermcneter's ghost hits you but does no damage.
A kobold comes into view. It is wielding a whip.
You barely miss petermcneter's ghost.
Petermcneter's ghost is moderately damaged.
The kobold shouts!
The ball python closely misses you.
You riposte.
You slash the ball python!
You kill the ball python!
Petermcneter's ghost hits you!
You enter the shallow water.
Moving in this stuff is going to be slow.
Petermcneter's ghost hits you but does no damage.
You closely miss the kobold. You slash the kobold!
You kill the kobold!
You closely miss petermcneter's ghost.
Petermcneter's ghost is moderately damaged.
Petermcneter's ghost hits you but does no damage.
Your scale mail prevents you from hitting petermcneter's ghost.
Petermcneter's ghost is moderately damaged.
Petermcneter's ghost closely misses you.
You slash petermcneter's ghost!
Petermcneter's ghost is heavily damaged.
The kobold closely misses you. Petermcneter's ghost barely misses you.
You riposte.
You closely miss petermcneter's ghost.
Petermcneter's ghost is heavily damaged.
You hit petermcneter's ghost.
Petermcneter's ghost is severely damaged.
The kobold hits you with a whip.
Petermcneter's ghost closely misses you.
An adder comes into view.
You barely miss petermcneter's ghost.
Petermcneter's ghost is severely damaged.
The adder hisses angrily.
The kobold closely misses you.
Petermcneter's ghost hits you but does no damage.
You barely miss petermcneter's ghost.
Petermcneter's ghost is severely damaged.
The kobold hits you with a whip. Petermcneter's ghost misses you.
The kobold barely misses you.
You riposte.
You hit the kobold.
The kobold is heavily wounded.
You completely miss petermcneter's ghost.
Petermcneter's ghost is severely damaged.
Petermcneter's ghost keens inconsolably.
Petermcneter's ghost hits you! The kobold closely misses you.
You closely miss petermcneter's ghost.
Petermcneter's ghost is severely damaged.
Petermcneter's ghost hits you!
* * * LOW HITPOINT WARNING * * *
The adder bites the plant but does no damage.
The kobold hits you but does no damage. Petermcneter's ghost hits you!
* * * LOW HITPOINT WARNING * * *
You hit petermcneter's ghost.
Petermcneter's ghost is almost destroyed.
The adder bites the plant but does no damage.
The kobold hits you but does no damage.
The adder bites the plant.
Petermcneter's ghost hits you!
You die...

######### ≈*
###≈≈#?#≈≈# *
###≈≈≈≈#≈#≈≈#
*
#≈≈≈≈≈≈#≈#≈≈#
≈≈
#≈≈≈≈≈≈#≈#P.#
*≈ ≈
##≈≈≈..≈#≈#P.#
*
#..≈.∩∩≈PW@P#*
*
#≈.≈.≈..SK###
* ≈ ≈
#..P####### *
#P.. ≈ ≈ ≈ ≈*≈
#P. * * ** #≈K
* * #. ,≈ *
##, ≈ *


You could see petermcneter's ghost, an adder and a kobold.

Vanquished Creatures
  A howler monkey (D:3)
  4 orc wizards (D:3)
  8 adders
  3 gnolls (D:3)
  2 worms (D:3)
  2 dart slugs
  A leopard gecko (D:3)
  6 orcs (D:3)
  A ball python (Sewer)
  4 giant cockroaches
  5 goblins
  4 hobgoblins
  9 jackals
  A quokka (D:2)
  11 bats
  3 frilled lizards (D:1)
  9 kobolds
  7 rats
81 creatures vanquished.

Notes
Turn   | Place    | Note
-------+----------+-------------------------------------------
     0 | D:1      | MenacingMecha the Deep Dwarf Fighter began the quest for the Orb.
     0 | D:1      | Reached XP level 1. HP: 20/20 MP: 1/1
   216 | D:1      | Reached XP level 2. HP: 24/27 MP: 2/2
   349 | D:1      | Reached skill level 3 in Long Blades
   918 | D:2      | Reached XP level 3. HP: 29/33 MP: 3/3
  1189 | D:2      | Reached skill level 4 in Long Blades
  1384 | D:2      | Reached XP level 4. HP: 23/40 MP: 4/4
  1548 | D:3      | Found a faded altar of an unknown god.
  1620 | D:3      | Reached skill level 5 in Long Blades
  1732 | D:3      | HP: 4/40 [orc wizard/magic dart (9)]
  1745 | D:3      | HP: 10/40 [something/puff of flame (6)]
  1746 | D:3      | Reached XP level 5. HP: 12/46 MP: 5/5
  1752 | D:3      | HP: 1/46 [something/puff of flame (11)]
  1829 | D:3      | Reached skill level 6 in Long Blades
  1842 | D:3      | Reached XP level 6. HP: 23/55 MP: 6/6
  1849 | D:3      | HP: 13/55 [gnoll/halberd (10)]
  1852 | D:3      | HP: 5/55 [gnoll/halberd (8)]
  1875 | D:3      | HP: 8/55 [gnoll/spear (6)]
  1971 | D:3      | HP: 7/55 [adder (1)]
  2127 | D:3      | Found a glowing drain.
  2136 | Sewer    | Entered a sewer
  2136 | Sewer    | Noticed petermcneter's ghost (amateur TeFi)
  2160 | Sewer    | HP: 8/55 [petermcneter's ghost (6)]
  2161 | Sewer    | Slain by petermcneter's ghost

Vault maps used:
D:1:      dpeg_arrival_tiny_i
D:3:      cheibrodos_sewer_entry_bend, chequers_ecumenical_altar_simple_redux,
          grunt_ministairs_9, minmay_misc_feat_chi
Sewer:    sewer_co_scattered_pipes

Skill      XL: |  1  2  3  4  5 |
---------------+----------------+-----
Long Blades    | 3 4 5 6 |  6.6
Fighting       | |  2.6
Armour         | |  3.2
Shields        | |  3.2

Action                   |  1- 3 |  4- 6 || total
-------------------------+-------+-------++-------
Melee: Long sword        |   119 |   157 ||   276
 Abil: Heal Wounds       |       |     4 ||     4
  Use: Scroll            |       |     2 ||     2
       Potion            |       |     2 ||     2
  Eat: Chunk             |     2 |     3 ||     5
Armor: Scale mail        |    83 |    64 ||   147
Dodge: Dodged            |   105 |    84 ||   189
       Rpst.: Long sword |    23 |    27 ||    50

Vault maps used:
D:1:      dpeg_arrival_tiny_i
D:3:      cheibrodos_sewer_entry_bend, chequers_ecumenical_altar_simple_redux,
          grunt_ministairs_9, minmay_misc_feat_chi
Sewer:    sewer_co_scattered_pipes

Table legend:
 A = Turns spent in this place as a percentage of turns spent in the entire game.
 B = Non-inter-level travel turns spent in this place as a percentage of non-inter-level travel turns spent in the entire game.
 C = Inter-level travel turns spent in this place as a percentage of turns spent in this place.
 D = Turns resting spent in this place as a percentage of non-inter-level travel turns spent in this place.
 E = Turns spent auto-exploring this place as a percentage of non-inter-level travel turns spent in this place.
 F = Non-inter-level travel turns spent in this place divided by the number of levels of this place that you've seen.
                   A       B       C       D       E      F
               +-------+-------+-------+-------+-------+----------------------
         Total | 100.0 | 100.0 |   0.3 |   0.2 |   5.3 | 234.0
       Dungeon |  97.2 |  97.2 |   0.3 |   0.2 |   5.5 | 303.3
         Sewer |   2.8 |   2.8 |   0.0 |   0.0 |   0.0 |  26.0
               +-------+-------+-------+-------+-------+----------------------

Table legend:
 A = Kills in this place as a percentage of kills in entire the game.
 B = Kills by you in this place as a percentage of kills by you in the entire game.
 C = Kills by friends in this place as a percentage of kills by friends in the entire game.
 D = Other kills in this place as a percentage of other kills in the entire game.
 E = Experience gained in this place as a percentage of experience gained in the entire game.
 F = Experience gained in this place divided by the number of levels of this place that you have seen.
                   A       B       C       D       E      F
               +-------+-------+-------+-------+-------+----------------------
         Total | 100.0 | 100.0 |  -nan |  -nan | 100.0 | 116.0
       Dungeon |  97.5 |  97.5 |  -nan |  -nan |  99.4 | 153.7
         Sewer |   2.5 |   2.5 |  -nan |  -nan |   0.6 |   3.0
               +-------+-------+-------+-------+-------+----------------------
